 Dungeon Crawl Stone Soup version 0.27-a0-421-g7ddf969dea (webtiles) character file.

Game seed: 17227928954787782039

330937 Anon1729 the Warrior (level 21, -7/189 HPs)
             Began as a Demonspawn Monk on Feb 26, 2021.
             Was the Champion of Makhleb.
             Mangled by Antaeus (67 damage)
             ... on level 7 of Cocytus.
             The game lasted 01:29:20 (36532 turns).

Anon1729 the Warrior (Demonspawn Monk)             Turns: 36532, Time: 01:29:20

Health: -7/189     AC: 32    Str: 16    XL:     21   Next: 44%
Magic:  20/20      EV: 37    Int: 15    God:    Makhleb [******]
Gold:   1056       SH: 11    Dex: 36    Spells: 18/20 levels left

rFire    . . .     SeeInvis +   a - +9 quick blade (vorpal)
rCold    + + +     Faith    .   I - +3 buckler of Recklessness {Str+4}
rNeg     + + +     Spirit   .   z - +6 faerie dragon scales {rF+ rC++ Regen+ rCorr}
rPois    .         Reflect  .   (helmet unavailable)
rElec    +         Harm     +   Y - +3 cloak "Coliemnal" {Harm rC+ Regen+}
rCorr    +         Rampage  .   Q - +2 pair of gloves
Will     +....                  R - +0 pair of boots
Stlth    +++++++...             Z - amulet "Coloiro" {Acrobat *Drain rN+++ MP-9 SInv}
HPRegen  2.41/turn              y - ring of Virtue {Ice rElec Str+2 Dex+8}
MPRegen  0.34/turn              N - +6 ring of dexterity

@: wereblooded
A: horns 3, iridescent scales 3, ignite blood 3, robust 1, weak 1, magic
regeneration, MP-powered wands
a: Renounce Religion, Minor Destruction, Lesser Servant of Makhleb, Major
Destruction, Greater Servant of Makhleb


You were on level 7 of Cocytus.
You worshipped Makhleb.
Makhleb was exalted by your worship.
You visited 5 branches of the dungeon, and saw 28 of its levels.
You also visited: Trove, Bailey and Gauntlet.

You collected 2702 gold pieces.
You spent 1646 gold pieces at shops.

Inventory:

Hand Weapons
 a - a +9 vorpal quick blade (weapon)
Missiles
 F - 4 throwing nets (quivered)
Armour
 f - quicksilver dragon scales
 z - the +6 faerie dragon scales (worn) {rF+ rC++ Regen+ rCorr}
   (You took it off the Enchantress on level 3 of the Depths)

   It protects you from fire.
   It greatly protects you from cold.
   It increases your rate of regeneration.
   It provides partial protection from all sources of acid and corrosion.
 G - a +0 crystal plate armour
 I - the +3 buckler of Recklessness (worn) {Str+4}
   (You found it in a bailey)

   It affects your strength (+4).
 Q - a +2 pair of gloves (worn)
 R - a +0 pair of boots (worn)
 Y - the +3 cloak "Coliemnal" (worn) {Harm rC+ Regen+}
   (You found it in a Gauntlet)

   It protects you from cold.
   It increases your rate of regeneration.
   It increases damage dealt and taken.
Jewellery
 b - the ring of Xom's Malicious Joy {rF- Str+4 Dex+2 Slay+4}
   (You took it off a minotaur in a Gauntlet)

   [ring of slaying]

   It affects your strength (+4).
   It affects your dexterity (+2).
   It affects your accuracy and damage with ranged weapons and melee attacks
   (+4).
   It makes you vulnerable to fire.
 s - a +4 ring of protection
 y - the ring of Virtue (left hand) {Ice rElec Str+2 Dex+8}
   (You acquired it on level 7 of the Dungeon)

   [ring of ice]

   It enhances your ice magic.
   It affects your strength (+2).
   It affects your dexterity (+8).
   It makes you vulnerable to fire.
   It protects you from cold.
   It insulates you from electricity.
 M - a ring of flight
 N - a +6 ring of dexterity (right hand)
 S - an amulet of magic regeneration
 V - a +4 ring of protection
 Z - the amulet "Coloiro" (around neck) {Acrobat *Drain rN+++ MP-9 SInv}
   (You found it in a Gauntlet)

   [amulet of the acrobat]

   It helps you evade while moving and waiting.
   It renders you almost immune to negative energy.
   It affects your magic capacity (-9).
   It lets you see invisible.
   It causes draining when unequipped.
Wands
 t - a wand of iceblast (8)
 v - a wand of random effects (33)
 E - a wand of flame (52)
 O - a wand of paralysis (25)
 T - a wand of polymorph (14)
 U - a wand of mindburst (36)
Scrolls
 c - 3 scrolls of teleportation
 d - 3 scrolls of blinking
 e - 2 scrolls of enchant armour
 h - 5 scrolls of noise
 n - 7 scrolls of amnesia
 r - 3 scrolls of fog
 x - 3 scrolls of holy word
 B - 3 scrolls of fear
 C - 4 scrolls of magic mapping
 J - a scroll of vulnerability
 K - 4 scrolls of immolation
 P - a scroll of torment
Potions
 g - a potion of ambrosia
 i - 2 potions of haste
 j - 9 potions of curing
 k - 2 potions of resistance
 l - 4 potions of attraction
 m - 4 potions of flight
 p - 3 potions of cancellation
 q - 6 potions of magic
 u - 2 potions of might
 w - 5 potions of lignification
 A - 4 potions of invisibility
 H - a potion of experience {unknown}
 L - a potion of brilliance
Miscellaneous
 o - the horn of Geryon
 X - a lightning rod (4/4)


   Skills:
 + Level 16.4 Fighting
 + Level 16.3 Short Blades
 + Level 15.4 Armour
 + Level 15.9 Dodging
 + Level 16.0 Stealth
 - Level 4.0 Shields
 * Level 7.6 Transmutations
 * Level 10.7 Invocations
 - Level 0.1 Evocations


You had 18 spell levels left.
You knew the following spells:

 Your Spells              Type           Power        Failure   Level
a - Wereblood             Tmut           22%          2%          2

Your spell library contained the following spells:

 Spells                   Type           Power        Failure   Level
 Beastly Appendage        Tmut           44%          1%          1
 Spider Form              Tmut/Pois      5%           22%         3
 Corona                   Hex            0%           32%         1
 Freeze                   Ice            0%           32%         1
 Shock                    Conj/Air       0%           32%         1
 Ignite Poison            Fire/Tmut/Pois 7%           34%         3
 Blade Hands              Tmut           11%          38%         5
 Corpse Rot               Necr/Air       N/A          45%         2
 Ensorcelled Hibernation  Hex/Ice        0%           45%         2
 Poisonous Vapours        Pois/Air       0%           45%         2
 Swiftness                Air            0%           45%         2
 Ice Form                 Ice/Tmut       17%          56%         4
 Petrify                  Tmut/Erth      11%          56%         4
 Confusing Touch          Hex            0%           69%         3
 Conjure Flame            Conj/Fire      0%           69%         3
 Dazzling Flash           Conj/Hex       0%           69%         3
 Frozen Ramparts          Ice            0%           69%         3
 Gell's Gravitas          Tloc           0%           69%         3
 Mephitic Cloud           Conj/Pois/Air  0%           69%         3
 Ozocubu's Armour         Ice            0%           69%         3
 Static Discharge         Conj/Air       0%           69%         3
 Stone Arrow              Conj/Erth      0%           69%         3
 Tukima's Dance           Hex            0%           69%         3
 Yara's Violent Unravell  Hex/Tmut       5%           89%         5
 Hydra Form               Tmut           11%          92%         6
 Airstrike                Air            0%           97%         4
 Hailstorm                Conj/Ice       0%           97%         4
 Summon Ice Beast         Ice/Summ       0%           97%         4
 Fireball                 Conj/Fire      0%           100%        5
 Lightning Bolt           Conj/Air       0%           100%        5
 Metabolic Englaciation   Hex/Ice        0%           100%        5
 Summon Forest            Summ/Tloc      0%           100%        5
 Eringya's Noxious Bog    Tmut/Pois      5%           100%        6
 Freezing Cloud           Conj/Ice/Air   0%           100%        6
 Starburst                Conj/Fire      0%           100%        6
 Summon Hydra             Summ           0%           100%        7
 Ignition                 Fire           0%           100%        8


Dungeon Overview and Level Annotations

Branches:
Dungeon (15/15)            Temple (1/1) D:7            Lair (0/6) D:11
    Orc (0/2) D:11         Vaults (0/5) D:13         Depths (5/5) D:15
   Hell (visited)             Dis (0/7) Hell            Geh (0/7) Hell
    Coc (7/7) Hell            Tar (0/7) Hell            Zot (0/5) Depths:5
 Bailey (visited)         Gauntlet (visited)

Altars:
Ashenzari
Cheibriados
Dithmenos
Elyvilon
Fedhas
Gozag
Hepliaklqana
Kikubaaqudgha
Makhleb
Nemelex Xobeh
Okawaru
Qazlal
Ru
Sif Muna
Trog
Uskayaw
Vehumet
Wu Jian
Xom
Yredelemnul
Zin
The Shining One
Beogh

Shops:
D:6 **   D:7 ?   D:9 ?   D:14 [   Depths:5 :

Portals:
Hell: Depths:1 Depths:2 Depths:3 Depths:4 Depths:5
Abyss: Depths:2 Depths:3 Depths:4
Pandemonium: Depths:3
Ziggurat: Depths:1

Annotations:
D:7 1 exclusion
Depths:2 2 transporters, Dynuikaup's ghost, veteran TeCj; Fiylet's ghost, veteran PaDe
Coc:7 Antaeus


Innate Abilities, Weirdness & Mutations

You have a pair of large horns on your head.
You are completely covered in iridescent scales. (AC +6)
Your demonic aura causes all spilled blood to erupt in flames.
You regenerate magic rapidly.
You are robust. (+10% HP)
You are weak. (Str -2)
You expend magic power (3 MP) to strengthen your wands.


Message History

The ice dragon scales are intact enough to wear.
You hit Antaeus but do no damage.
Antaeus is lightly wounded.
You completely miss Antaeus. You headbutt Antaeus, but do no damage.
Antaeus is lightly wounded.
Antaeus hits you!!
* * * LOW HITPOINT WARNING * * *
Antaeus freezes you! You resist.
* * * LOW HITPOINT WARNING * * *
Antaeus completely misses you.
You howl as the wereblood boils in your veins!
You feel much better.
You howl as the wereblood boils in your veins!
Antaeus is engulfed in blazing flames.
Antaeus completely misses you. Antaeus closely misses you.
Press: ? - help, v - describe, . - travel
Here: Antaeus (flame, lightly wounded) Frost-covered floor, spattered with blood.
Unknown command.
Antaeus is engulfed in blazing flames.
You hit Antaeus but do no damage. You headbutt Antaeus!
Antaeus is lightly wounded.
You howl as the wereblood boils in your veins!
Unknown command.
Unknown command.
You hit Antaeus but do no damage.
Antaeus is lightly wounded.
Unknown command.
Unknown command.
Okay, then.
Press: ? - help, v - describe, . - travel
Here: Antaeus (flame, lightly wounded) Frost-covered floor, spattered with blood.
Unknown command.
Okay, then.
You completely miss Antaeus.
Antaeus is lightly wounded.
The snapping turtle simulacrum is engulfed in blazing flames.
Antaeus is engulfed in blazing flames.
Antaeus hits you!!!
You die...

≈≈..##....≈≈≈≈≈≈≈≈≈≈≈≈≈≈≈≈≈≈≈≈≈≈≈
≈≈...##.....≈≈≈≈≈≈≈≈≈≈≈≈≈≈≈≈≈≈≈≈,
≈≈....##......≈≈≈≈≈≈≈≈≈≈≈≈≈≈≈≈,,,
.≈≈....##..C..Z....≈≈≈≈≈≈..,^,,,,
..≈≈....##...⌠.............,,,⌠,,
...≈≈......................,,,,,,
#...≈≈....#.###############*****#
##...≈≈.....#####################
.##...≈≈......○C@................
..##...≈≈....[☼Z.................
...##...≈≈≈≈≈≈≈≈≈≈≈≈≈..≈≈≈≈≈≈≈≈≈≈
....##...≈≈≈≈≈≈≈≈≈≈≈≈..≈≈≈≈≈≈≈≈≈≈
#....##...≈≈≈≈≈≈≈≈≈≈≈..≈≈≈≈≈≈≈≈≈≈
##....##.........................
##....##........................
##....#########################
##....########################


You could see Antaeus and a snapping turtle simulacrum.

Vanquished Creatures
  A juggernaut (Depths:5)
  Sojobo (Depths:2)
  7 shard shrikes
  Jory (Depths:4)
  Geryon (Hell)
  the Enchantress (Depths:3)
  5 caustic shrikes
  5 bone dragons
  Jorgrun (D:15)
  11 Ice Fiends
  A quicksilver dragon (Depths:3)
  3 liches
  A deep elf blademaster (Depths:2)
  Murray (D:15)
  2 ancient champions (Hell)
  A shadow dragon (Depths:5)
  3 tengu reavers
  6 fire giants
  A draconian shifter (Depths:5)
  3 balrugs
  An iron dragon (Depths:1)
  4 frost giants
  2 orc warlords (Depths:2)
  9 stone giants
  2 war gargoyles (Depths:4)
  A draconian annihilator (Depths:5)
  9 spriggan defenders
  An elemental wellspring (Coc:7)
  16 very ugly things
  6 reapers
  2 vampire knights
  A minotaur (Gauntlet)
  6 spark wasps
  2 green draconians (Depths:5)
  A purple draconian (Depths:5)
  The ghost of Odowaim the Slicer, a journeyman KoGl of Hepliaklqana (D:13)
  8 blizzard demons
  3 ettins (Depths:3)
  3 green deaths
  9 fire dragons
  The ghost of Ceasot the Scorcher, a journeyman DEFE of Vehumet (D:13)
  5 quicksilver dragon zombies
  The ghost of Ynwesix the Cleaver, a journeyman DDFi of Gozag (D:13)
  10 great orbs of eyes
  29 ice dragons
  5 kraken zombies
  10 yaktaur captains
  3 vault guards (D:13)
  2 hydras (D:12)
  6 quicksilver dragon skeletons
  4 ogre magi
  Erolcha (D:11)
  2 boulder beetles
  9 spriggan air magi
  A rakshasa (Depths:1)
  A juggernaut simulacrum (Depths:3)
  7 centaur warriors
  A catoblepas (Gauntlet)
  19 two-headed ogres
  6 vampire magi (Depths:4)
  A hell hog (Hell)
  4 deep troll earth magi
  6 spriggan berserkers
  5 deep troll shamans
  5 tengu warriors
  3 titan zombies
  2 soul eaters
  2 storm dragon zombies
  6 sun demons
  Nergalle (D:11)
  A hell knight (Depths:5)
  4 iron trolls
  A deep elf knight (Depths:2)
  4 golden dragon zombies
  5 titan skeletons
  2 iron golems
  A salamander mystic (Depths:3)
  2 storm dragon skeletons
  A spark wasp zombie (Depths:3)
  36 skeletal warriors
  14 deep trolls
  A quicksilver dragon simulacrum (Coc:2)
  The ghost of Gonzollydolly the Jinx, a novice SpEn of Fedhas (D:13)
  6 anaconda zombies
  A wizard (Depths:2)
  2 phantasmal warriors (Depths:3)
  3 anaconda skeletons
  Pikel (D:5)
  A golden dragon skeleton (Coc:1)
  A mana viper (shapeshifter) (Depths:3)
  A deep elf zephyrmancer (D:15)
  7 orc knights (Depths:2)
  2 shadow dragon zombies
  A manticore (D:13)
  An iron dragon zombie (Coc:7)
  4 necromancers
  A frost giant zombie (Coc:2)
  3 stone giant zombies
  3 salamanders
  3 cyclopes
  A manticore (shapeshifter) (Depths:1)
  15 ugly things
  A salamander (shapeshifter) (Depths:3)
  8 rust devils
  A moth of wrath (Gauntlet)
  2 fire giant skeletons
  2 frost giant skeletons (Coc:2)
  Maurice (D:8)
  A guardian serpent (shapeshifter) (Depths:2)
  A dire elephant zombie (Coc:2)
  An iron dragon skeleton (Depths:3)
  5 titan simulacra
  2 orange demons (Hell)
  An eye of devastation (Gauntlet)
  2 ice statues (Hell)
  A centaur skeleton (D:12)
  3 gargoyles
  A stone giant skeleton (Coc:1)
  A molten gargoyle (Gauntlet)
  3 smoke demons (Hell)
  A hellion (Hell)
  2 efreet (D:15)
  11 yaktaurs
  The ghost of wakim the Ducker, a novice OpTm (D:7)
  A spriggan skeleton (Depths:3)
  2 dire elephant skeletons (Coc:7)
  Maggie (D:7)
  4 hellwings (Depths:3)
  25 ice devils
  2 komodo dragons
  2 tormentors (Coc:7)
  5 trolls
  2 anaconda simulacra (Coc:2)
  6 red devils
  2 tengu conjurers
  16 freezing wraiths
  9 hydra zombies
  A harpy zombie (Coc:2)
  5 hydra skeletons
  A shadow dragon simulacrum (Coc:7)
  Grinder (D:3)
  7 hornets
  19 slime creatures
  2 harpy skeletons (Coc:3)
  5 alligator zombies
  3 fire dragon zombies
  3 ettin zombies
  A centaur simulacrum (D:15)
  13 flying skulls
  18 yaks
  2 alligator skeletons
  4 wraiths (Coc:1)
  A fire dragon skeleton (Coc:2)
  11 shadows
  9 spriggans
  5 wyverns
  4 fire elementals
  4 ice dragon skeletons
  12 water elementals
  3 ettin skeletons
  8 humans (D:13)
  5 fire bats (Depths:3)
  A golden eye (Gauntlet)
  9 vampire mosquitoes
  3 wargs (D:11)
  A soldier ant (D:13)
  4 cane toad zombies
  Edmund (D:6)
  2 water moccasins
  5 hydra simulacra (Coc:7)
  A floating eye (Gauntlet)
  2 black bears
  4 cane toad skeletons
  5 hell hounds
  11 ice beasts
  2 orc warriors
  3 manticore zombies
  15 ogres
  3 eyes of draining
  A fire dragon simulacrum (Coc:2)
  An alligator simulacrum (Coc:2)
  2 necrophages
  A snapping turtle zombie (Coc:2)
  13 boggarts
  A sky beast (D:11)
  A snapping turtle skeleton (Coc:2)
  5 wolves (Gauntlet)
  13 centaurs
  A swamp dragon skeleton (Coc:7)
  A manticore skeleton (Coc:7)
  A lemure (D:5)
  4 phantoms
  2 kobold brigands (D:9)
  11 bullfrogs
  8 gnoll sergeants (Bailey)
  A cane toad simulacrum (Coc:7)
  2 scorpions
  42 wights
  A troll skeleton (Coc:7)
  A howler monkey (D:13)
  4 crimson imps
  A centaur zombie (D:10)
  2 quasits
  Crazy Yiuf (D:6)
  10 hounds
  7 jellies
  6 gnoll shamans (Bailey)
  4 orc priests
  2 bullfrog skeletons
  Ijyb (D:3)
  3 iguanas
  9 orc wizards
  10 worker ants
  A killer bee zombie (D:7)
  A hound skeleton (D:5)
  3 mummies
  A howler monkey zombie (D:7)
  A worker ant zombie (D:6)
  24 gnolls
  A howler monkey skeleton (D:7)
  6 adders
  A shadow imp (D:6)
  14 white imps
  2 oozes
  4 ufetubi
  3 adder zombies (D:9)
  3 adder skeletons
  4 worms
  4 dart slugs
  2 leopard geckos
  29 orcs
  A ball python (D:3)
  5 giant cockroaches
  12 goblins
  8 hobgoblins
  8 jackals
  16 kobolds
  7 quokkas
  8 bats
  3 frilled lizards
  A giant cockroach zombie (D:5)
  A leopard gecko skeleton (D:6)
  7 rats
  6 tentacles
1139 creatures vanquished.

Vanquished Creatures (others)
  2 very ugly things (Depths:3)
  An elemental wellspring (Coc:7)
  An ice dragon (Coc:7)
  A flying skull (Coc:7)
  A human (D:13)
  An eye of draining (D:15)
  2 boggarts (Depths:4)
  A crimson imp (Depths:3)
  A demonic plant (Gauntlet)
  A fungus (Gauntlet)
  13 plants
  16 tentacles
  2 withered plants (D:13)
43 creatures vanquished.

Grand Total: 1182 creatures vanquished

Notes
Turn   | Place    | Note
-------+----------+-------------------------------------------
     0 | D:1      | Anon1729 the Demonspawn Monk began the quest for the Orb.
     0 | D:1      | Reached XP level 1. HP: 18/18 MP: 1/1
   233 | D:1      | Gained mutation: Your demonic aura sometimes causes spilled
                  | blood to erupt in flames [demonic ancestry]
   233 | D:1      | Reached XP level 2. HP: 23/24 MP: 2/2
   888 | D:2      | Reached XP level 3. HP: 28/29 MP: 3/3
  1597 | D:3      | Gained mutation: You have a pair of small horns on your
                  | head. [demonic ancestry]
  1597 | D:3      | Reached XP level 4. HP: 22/35 MP: 4/4
  1716 | D:2      | Reached skill level 1 in Armour
  2246 | D:3      | Found a glowing golden altar of the Shining One.
  2607 | D:3      | Noticed Ijyb
  2655 | D:3      | Killed Ijyb
  2656 | D:3      | Reached XP level 5. HP: 22/41 MP: 5/5
  2804 | D:3      | Noticed Grinder
  2824 | D:3      | Paralysed by Grinder for 3 turns
  2840 | D:3      | Killed Grinder
  2841 | D:3      | Reached XP level 6. HP: 17/48 MP: 6/6
  3053 | D:3      | Found a hazy altar of Hepliaklqana.
  3677 | D:4      | Found a sacrificial altar of Ru.
  4064 | D:4      | Found a bloodstained altar of Trog.
  4456 | D:5      | Entered Level 5 of the Dungeon
  4488 | D:5      | Gained mutation: Your demonic aura often causes spilled
                  | blood to erupt in flames [demonic ancestry]
  4488 | D:5      | Reached XP level 7. HP: 53/53 MP: 7/7
  4951 | D:5      | Reached skill level 5 in Short Blades
  5248 | D:5      | Identified the +8 hand axe of the Leaping Madman {flame,
                  | rPois Stlth+}
  5347 | D:5      | Noticed Pikel
  5379 | D:5      | Killed Pikel
  5380 | D:5      | Reached skill level 5 in Dodging
  5380 | D:5      | Gained mutation: You are partially covered in iridescent
                  | scales. (AC +2) [demonic ancestry]
  5380 | D:5      | Reached XP level 8. HP: 53/61 MP: 8/8
  5671 | D:6      | Noticed Edmund
  5676 | D:6      | Found Denauhe's Lightly-Used Armoury.
  5696 | D:6      | Killed Edmund
  5797 | D:6      | Found an iron altar of Okawaru.
  6343 | D:6      | Found Mairgh's General Store.
  6482 | D:6      | You fall into a shaft and drop 3 floors!
  6489 | D:10     | Entered Level 10 of the Dungeon
  6518 | D:10     | Reached skill level 5 in Fighting
  6518 | D:10     | Gained mutation: You have a pair of horns on your head.
                  | [demonic ancestry]
  6518 | D:10     | Reached XP level 9. HP: 34/68 MP: 9/9
  6706 | D:10     | Reached skill level 5 in Armour
  7382 | D:8      | Noticed Maurice
  7396 | D:7      | Found Jaskaz's Magic Scroll Shoppe.
  7641 | D:7      | Identified a scroll of acquirement
  7772 | D:7      | Found a staircase to the Ecumenical Temple.
  7789 | D:7      | Identified the +1 robe of Weirdness {rPois Str-4 Dex+8
                  | Stlth-}
  7802 | D:7      | Noticed Maggie
  7881 | D:7      | Found a flagged portal.
  7891 | Bailey   | Entered a bailey
  8332 | Bailey   | Reached XP level 10. HP: 58/76 MP: 10/10
  8906 | Bailey   | Identified the +6 spear "Ogrebane" {drain, *Drain rN+
                  | Str+10}
  8908 | Bailey   | Identified the +3 buckler of Recklessness {Str+4}
  9170 | D:7      | Found a runed translucent gate.
  9170 | D:7      | Found a runed translucent gate.
  9170 | D:7      | Found a runed translucent gate.
  9170 | D:7      | Found an opulent altar of Gozag.
  9171 | D:7      | Noticed wakim's ghost (novice OpTm)
  9171 | D:7      | Noticed a centaur warrior
  9534 | D:7      | Killed Maggie
  9536 | D:7      | Reached skill level 1 in Shields
  9691 | D:8      | Killed Maurice
  9723 | D:8      | You fall into a shaft and drop 1 floor!
  9803 | D:9      | Identified the +4 halberd of Jomuf {spect, rElec rC+ Str+4}
 10608 | D:9      | Found Jyxty's Magic Scroll Emporium.
 10616 | D:9      | Acquired the ring of Virtue {Ice rElec Str+2 Dex+8}
 10730 | D:10     | Noticed a gargoyle
 10738 | D:10     | Reached skill level 5 in Stealth
 10738 | D:10     | Gained mutation: You are mostly covered in iridescent
                  | scales. (AC +4) [demonic ancestry]
 10738 | D:10     | Reached XP level 11. HP: 80/83 MP: 11/11
 11738 | D:9      | Bought a scroll of acquirement for 728 gold pieces
 11738 | D:9      | Acquired 533 gold pieces
 11924 | D:11     | Noticed Erolcha
 11935 | D:11     | Killed Erolcha
 11948 | D:11     | Found a staircase to the Lair.
 12153 | D:11     | Found a staircase to the Orcish Mines.
 12162 | D:11     | Found a roughly hewn altar of Beogh.
 12534 | D:11     | Noticed Nergalle
 12568 | D:11     | Killed Nergalle
 12830 | D:12     | Noticed a four-headed hydra
 12838 | D:12     | Killed a four-headed hydra
 12864 | D:12     | Noticed an eight-headed hydra
 12877 | D:12     | Killed an eight-headed hydra
 13214 | D:12     | Reached skill level 10 in Short Blades
 13268 | D:12     | Noticed a red ugly thing
 13274 | D:12     | Killed a red ugly thing
 13297 | D:12     | Noticed a two-headed ogre
 13304 | D:12     | Killed a two-headed ogre
 13305 | D:12     | Gained mutation: You have a pair of large horns on your
                  | head. [demonic ancestry]
 13305 | D:12     | Reached XP level 12. HP: 84/92 MP: 12/12
 14212 | D:13     | Noticed a boulder beetle
 14220 | D:13     | Noticed a centaur warrior
 14242 | D:13     | Killed a centaur warrior
 14265 | D:13     | Killed a boulder beetle
 14571 | D:13     | You fall into a shaft and drop 2 floors!
 14571 | D:15     | Entered Level 15 of the Dungeon
 14579 | D:15     | Noticed a centaur warrior
 14596 | D:15     | Killed a centaur warrior
 14738 | D:15     | Noticed a boulder beetle
 14749 | D:14     | Found Ihixt's Armour Boutique.
 14814 | D:14     | Found a gate leading to a gauntlet.
 14823 | Gauntlet | Entered a Gauntlet
 14823 | Gauntlet | Found a transporter.
 14830 | Gauntlet | Found a transporter.
 14833 | Gauntlet | Found a transporter.
 14848 | Gauntlet | Found a transporter.
 14857 | Gauntlet | Found a transporter.
 14872 | Gauntlet | Found a transporter.
 14883 | Gauntlet | Found a transporter.
 14888 | Gauntlet | Noticed a catoblepas
 14894 | Gauntlet | Found a transporter.
 14908 | Gauntlet | Found a transporter.
 14923 | Gauntlet | Found a transporter.
 14923 | Gauntlet | Found a transporter.
 14968 | Gauntlet | Found a transporter.
 14985 | Gauntlet | Found a transporter.
 14994 | Gauntlet | Found a transporter.
 15072 | Gauntlet | Identified the +3 cloak "Coliemnal" {Harm rC+ Regen+}
 15288 | Gauntlet | Killed a catoblepas
 15305 | Gauntlet | Identified the amulet "Coloiro" {Acrobat *Drain rN+++ MP-9
                  | SInv}
 15368 | Gauntlet | Identified the +1 chain mail "Netuzo" {rPois}
 15368 | Gauntlet | Identified the ring of Xom's Malicious Joy {rF- Str+4 Dex+2
                  | Slay+4}
 15368 | Gauntlet | Noticed a minotaur
 15421 | Gauntlet | Killed a minotaur
 15584 | D:14     | Noticed a two-headed ogre
 15591 | D:14     | Killed a two-headed ogre
 15592 | D:14     | Reached skill level 10 in Dodging
 16002 | D:14     | Noticed a two-headed ogre
 16009 | D:14     | Killed a two-headed ogre
 16149 | D:15     | Reached XP level 13. HP: 79/101 MP: 4/13
 16237 | D:15     | Identified the +1 ring mail "Gegh" {rElec Will+ SInv}
 16408 | D:15     | Gained mutation: You are weak. (Str -2) [potion of
                  | mutation]
 16408 | D:15     | Gained mutation: You expend magic power (3 MP) to
                  | strengthen your wands. [potion of mutation]
 16408 | D:15     | Gained mutation: You are robust. (+10% HP) [potion of
                  | mutation]
 16568 | D:15     | Noticed Jorgrun
 16571 | D:15     | Killed Jorgrun
 17018 | D:13     | Found a runed translucent gate.
 17018 | D:13     | Found a runed translucent gate.
 17018 | D:13     | Noticed Gonzollydolly's ghost (novice SpEn)
 17019 | D:13     | Found a runed translucent gate.
 17020 | D:13     | Noticed Ceasot's ghost (journeyman DEFE)
 17021 | D:13     | Noticed Odowaim's ghost (journeyman KoGl)
 17023 | D:13     | Noticed Ynwesix's ghost (journeyman DDFi)
 17202 | D:13     | Reached skill level 10 in Fighting
 17241 | D:13     | Found a gate to the Vaults.
 17529 | D:7      | Bought a scroll of brand weapon for 260 gold pieces
 17619 | D:6      | Bought a +6 quick blade for 658 gold pieces
 17647 | D:6      | Found a runed translucent door.
 17648 | D:6      | Noticed Crazy Yiuf
 18053 | D:6      | Killed Crazy Yiuf
 18187 | D:7      | Killed wakim's ghost
 18452 | D:8      | Found a stormy altar of Qazlal.
 18670 | D:13     | Killed Gonzollydolly's ghost
 18752 | D:13     | Killed Odowaim's ghost
 18762 | D:13     | Killed Ceasot's ghost
 18784 | D:13     | Killed Ynwesix's ghost
 18919 | D:15     | Reached skill level 10 in Armour
 19075 | D:15     | Noticed a fire dragon
 19121 | D:15     | Killed a fire dragon
 19122 | D:15     | Reached XP level 14. HP: 50/122 MP: 5/14
 19181 | D:15     | Found a staircase to the Depths.
 19310 | Depths:1 | Entered Level 1 of the Depths
 19412 | Depths:1 | Noticed a fire giant
 19428 | Depths:1 | Reached skill level 10 in Stealth
 19440 | Depths:1 | Killed a fire giant
 19503 | Depths:1 | Paralysed by a great orb of eyes for 5 turns
 19607 | Depths:1 | Found a gateway to Hell.
 19719 | Depths:1 | Found a gateway to a ziggurat.
 19847 | Depths:1 | Found a portal to a secret trove of treasure.
 19899 | Depths:1 | Noticed a stone giant
 19914 | Depths:1 | Killed a stone giant
 20071 | Depths:1 | You paid a toll of a +0 crystal plate armour to enter a
                  | treasure trove
 20072 | Trove    | Entered a treasure trove
 20298 | Depths:1 | Noticed a caustic shrike
 20316 | Depths:1 | Killed a caustic shrike
 20317 | Depths:1 | Reached XP level 15. HP: 114/130 MP: 6/15
 20365 | Depths:1 | Identified the +4 dagger of Ashenzari's Envy {venom, rElec}
 20593 | Depths:1 | Noticed an iron dragon
 20654 | Depths:1 | Killed an iron dragon
 21232 | Depths:2 | Noticed a titan
 21233 | Depths:2 | Noticed a juggernaut
 21234 | Depths:2 | Noticed a titan
 21238 | Depths:2 | Noticed a fire giant
 21239 | Depths:2 | Noticed Dynuikaup's ghost (veteran TeCj)
 21390 | Depths:2 | Noticed a caustic shrike
 21390 | Depths:2 | Noticed a caustic shrike
 21391 | Depths:2 | Noticed a caustic shrike
 21391 | Depths:2 | Noticed a caustic shrike
 21445 | Depths:2 | Noticed a fire giant
 21460 | Depths:2 | Killed a fire giant
 21624 | Depths:2 | Noticed Sojobo
 21624 | Depths:2 | Noticed a tengu reaver
 21624 | Depths:2 | Noticed a tengu reaver
 21672 | Depths:2 | Killed Sojobo
 21693 | Depths:2 | Killed a tengu reaver
 21698 | Depths:2 | Killed a tengu reaver
 21826 | Depths:2 | Found a one-way gate to the infinite horrors of the Abyss.
 21961 | Depths:2 | Found a transporter.
 21993 | Depths:2 | Gained mutation: You regenerate magic rapidly. [demonic
                  | ancestry]
 21993 | Depths:2 | Reached XP level 16. HP: 141/141 MP: 7/16
 22027 | Depths:2 | Noticed Fiylet's ghost (veteran PaDe)
 22227 | Depths:2 | Killed a caustic shrike
 22243 | Depths:2 | Killed a caustic shrike
 22257 | Depths:2 | Killed a caustic shrike
 22287 | Depths:2 | Killed a caustic shrike
 22463 | Depths:2 | Found a transporter.
 22557 | Depths:2 | Identified the +2 chain mail of the Bruised Brambles {-Cast
                  | rElec Str+4 SInv}
 23088 | Depths:2 | Noticed a deep elf blademaster
 23111 | Depths:2 | Killed a deep elf blademaster
 23240 | Depths:2 | Found an iron altar of Okawaru.
 23378 | Depths:2 | Identified the ring of Xokhlun {Ice *Drain rElec rPois
                  | Will-}
 23992 | Depths:3 | Gained mutation: Your demonic aura causes all spilled blood
                  | to erupt in flames. [demonic ancestry]
 23992 | Depths:3 | Reached XP level 17. HP: 100/150 MP: 8/17
 24985 | Depths:3 | Found a one-way gate leading to the halls of Pandemonium.
 25240 | Depths:4 | Noticed a quicksilver dragon
 25257 | Depths:4 | Noticed the Enchantress
 25277 | Depths:3 | Killed a quicksilver dragon
 25893 | Depths:3 | Killed the Enchantress
 26129 | Depths:4 | Reached XP level 18. HP: 142/160 MP: 9/18
 26405 | Depths:4 | Noticed a lich
 26420 | Depths:4 | Killed a lich
 26479 | Depths:4 | Found the +6 Majin-Bo {vamp, MP+6 Int+6}
 26617 | Depths:4 | Found a broken altar of Ashenzari.
 26640 | Depths:4 | Noticed Jory
 26689 | Depths:4 | Killed Jory
 26779 | Depths:5 | Entered Level 5 of the Depths
 26919 | Depths:5 | Identified the +1 scale mail of Refuge {+Inv Str+3}
 27107 | Depths:5 | Noticed a juggernaut
 27147 | Depths:5 | Killed a juggernaut
 27148 | Depths:5 | Reached skill level 15 in Short Blades
 27151 | Depths:5 | Learned a level 2 spell: Wereblood
 27342 | Depths:5 | Found a gate to the Realm of Zot.
 27417 | Depths:5 | Reached skill level 15 in Fighting
 27504 | Depths:5 | Noticed a lich
 27517 | Depths:5 | Killed a lich
 27774 | Depths:5 | Paralysed by a vampire knight for 5 turns
 27971 | Depths:5 | Found Zougiaho's Book Shop.
 28117 | Depths:5 | Reached XP level 19. HP: 162/170 MP: 10/19
 28290 | Hell     | Entered the Vestibule of Hell
 28290 | Hell     | Noticed Geryon
 29018 | Hell     | Reached skill level 15 in Dodging
 29142 | Hell     | Found a gateway to the Iron City of Dis.
 29277 | Hell     | Found a gateway to the ashen valley of Gehenna.
 29593 | Hell     | Killed Geryon
 29740 | Hell     | Reached skill level 15 in Stealth
 29797 | Hell     | Found a gateway to the decaying netherworld of Tartarus.
 29899 | Hell     | Noticed Murray
 30185 | Hell     | Found a gateway to the freezing wastes of Cocytus.
 30571 | Temple   | Entered the Ecumenical Temple
 30655 | Temple   | Became a worshipper of Makhleb the Destroyer
 30655 | Temple   | Reached * piety under Makhleb
 30655 | Temple   | Reached ** piety under Makhleb
 31113 | D:15     | Killed Murray
 31193 | Coc:1    | Entered Level 1 of Cocytus
 31195 | Coc:1    | Reached skill level 1 in Invocations
 31237 | Coc:1    | Reached skill level 1 in Transmutations
 31522 | Coc:1    | Reached *** piety under Makhleb
 31576 | Coc:1    | Noticed a bone dragon
 31617 | Coc:1    | Killed a bone dragon
 32110 | Coc:1    | Reached **** piety under Makhleb
 32164 | Coc:1    | Noticed a shard shrike
 32171 | Coc:1    | Killed a shard shrike
 32172 | Coc:1    | Reached XP level 20. HP: 180/180 MP: 14/23
 32387 | Coc:1    | Reached skill level 5 in Invocations
 33197 | Coc:2    | Noticed a shard shrike
 33198 | Coc:2    | Noticed a shard shrike
 33200 | Coc:2    | Noticed a shard shrike
 33213 | Coc:2    | Killed a shard shrike
 33223 | Coc:2    | Killed a shard shrike
 33224 | Coc:2    | Reached skill level 15 in Armour
 33289 | Coc:2    | Noticed a bone dragon
 33322 | Coc:2    | Killed a bone dragon
 33322 | Coc:2    | Reached ***** piety under Makhleb
 33743 | Coc:2    | Noticed a bone dragon
 33802 | Coc:2    | Killed a bone dragon
 33803 | Coc:2    | Reached skill level 5 in Transmutations
 33963 | Coc:2    | Killed a shard shrike
 34102 | Coc:2    | Noticed a bone dragon
 34163 | Coc:2    | Killed a bone dragon
 35047 | Coc:4    | Noticed a shard shrike
 35065 | Coc:4    | Killed a shard shrike
 35080 | Coc:4    | You fall into a shaft and drop 2 floors!
 35085 | Coc:7    | Entered Level 7 of Cocytus
 35577 | Coc:7    | Reached ****** piety under Makhleb
 35659 | Coc:7    | Gained mutation: You are completely covered in iridescent
                  | scales. (AC +6) [demonic ancestry]
 35659 | Coc:7    | Reached XP level 21. HP: 188/188 MP: 18/27
 35973 | Coc:7    | Noticed a shard shrike
 35973 | Coc:7    | Noticed a shard shrike
 35992 | Coc:7    | Killed a shard shrike
 35996 | Coc:7    | Killed a shard shrike
 36092 | Coc:7    | Reached skill level 10 in Invocations
 36139 | Coc:7    | Noticed Antaeus
 36532 | Coc:7    | Mangled by Antaeus

Illustrated notes

Levels and vault maps discovered:
D:1:      erik_arrival_cave_to_civilisation [erik_arrival_cave_to_temple],
          layout_basic, minmay_bisected
D:2:      layout_basic, hangedman_decor_riveting
D:3:      layout_rooms, tso_metal_star, lemuel_coloured_pillars_altar,
          serial_bayou, serial_bayou_crossing, serial_bayou_shore_a,
          serial_bayou_pond_a, serial_bayou_shore_b, serial_bayou_lagoon_a,
          serial_bayou_pond_c, minivault_23, minivault_24, minivault_5,
          uniq_ijyb, uniq_grinder
D:4:      layout_basic, lightli_temple_of_fire,
          nicolae_ru_great_annihilating_truth, hangedman_glass_teeth
D:5:      kennysheep_six_static_rooms, layout_loops_cross, minivault_5,
          minivault_11, minmay_misc_feat_doors, uniq_pikel
D:6:      layout_loops_ring, okawaru_altar_gauntlet_db, serial_shops, shop,
          amcnicky_mini_rare_corridor_liquid, minmay_misc_feat_iff,
          minmay_shop_damaged, hangedman_abyss_or_decor_stabs,
          uniq_crazy_yiuf_cottage, uniq_edmund
D:7:      kennysheep_big_flooded_room, layout_basic, temple_fountains,
          ebering_ghost_gozag, enter_bailey_5, serial_shops, shop_scrolls,
          corexii_hall_statues_l, uniq_maggie
D:8:      layout_rooms, kennysheep_mini, lightli_minifort, uniq_maurice
D:9:      layout_cave_pods, serial_shops, kennysheep_little_box,
          hangedman_corner_corridor
D:10:     layout_basic
D:11:     layout_basic, erik_lair_orcish_takeover,
          minmay_orc_entry_temple_small, uniq_erolcha, uniq_nergalle
D:12:     layout_basic
D:13:     layout_roguey, ximxim_vaults_locker_room, gammafunk_ghost_cemetery,
          moated_statue, lemuel_flamethrower_1
D:14:     layout_irregular_city, gauntlet_entry_generic, serial_shops, shop,
          bh_walls_and_bars
D:15:     grunt_enter_depths_hoard, layout_loops_cross, kennysheep_inner_square,
          uniq_jorgrun
Temple:   kb_temple_of_zot
Depths:1: layout_roguey, enter_ziggurat_e, roderic_roman_lattice, hell_entry,
          nicolae_trove_entry_columns, minmay_misc_feat_room,
          minmay_shattered_shrine
Depths:2: evilmike_iron_armoury, layout_honeycomb, abyss_entry,
          serial_bayou_pond_d, nzn_ghost_randoct, lightli_too_deep,
          serial_bayou_shore_b, infiniplex_staircase_spiral_double,
          serial_bayou_shore_b, serial_bayou_shore_b, serial_bayou_shore_b,
          uniq_sojobo
Depths:3: lemuel_flame_loot_2, layout_cave_shapes, abyss_entry, hellmouth_3,
          rand_demon_pan_entry_8, infiniplex_staircase_zigzag_2
Depths:4: minmay_guarded_unrand_majin_bo, layout_cave_pools, abyss_entry,
          hell_entry, nicolae_ashenzari_panopticon, grunt_ministairs_14,
          uniq_jory, uniq_enchantress
Depths:5: grunt_zot_entry_tricorne, layout_gridville, serial_shops,
          nicolae_shop_crystal, hellmouth_1, serial_sigils_hangedman_snap,
          minmay_misc_feat_rugged, serial_bayou_shore_b
Hell
Coc:1:    layout_cocytus_water_paths
Coc:2:    layout_ice_bergs
Coc:3:    layout_ice_bergs
Coc:4:    layout_ice_bergs
Coc:6:    layout_cocytus_delve, ice2_lemuel
Coc:7:    coc_old

Skill      XL: |  1  2  3  4  5  6  7  8  9 10 11 12 13 14 15 16 17 18 19 20 21 |
---------------+----------------------------------------------------------------+-----
Dodging        | 3 4 5 6 7 8 9 10 11 12 13 14 15 | 15.9
Short Blades   | 3 4 5 7 8 9 10 11 12 13 14 15 16 | 16.3
Armour         | 1 2 4 5 6 8 9 10 11 12 13 14 15 | 15.4
Stealth        | 2 3 5 6 8 9 10 11 12 13 14 15 16 | 16.0
Fighting       | 4 5 6 8 9 10 11 12 13 14 15 16 | 16.4
Shields        | 2 4 |  4.0
Invocations    | 4 9 10 | 10.7
Transmutations | 3 6 7 |  7.6
Evocations     | |  0.1

Action                   |  1- 3 |  4- 6 |  7- 9 | 10-12 | 13-15 | 16-18 | 19-21 || total
-------------------------+-------+-------+-------+-------+-------+-------+-------++-------
Melee: Short sword       |   182 |   190 |   473 |       |       |       |       ||   845
       Headbutt          |       |    42 |   128 |   284 |   387 |   740 |  1854 ||  3435
       Dagger            |       |       |   144 |   942 |   187 |       |       ||  1273
       Quick blade       |       |       |       |       |  1043 |  1878 |  3842 ||  6763
 Cast: Wereblood         |       |       |       |       |       |       |     3 ||     3
Invok: Major Destruction |       |       |       |       |       |       |     1 ||     1
Evoke: Wand              |       |       |     2 |     4 |       |    11 |     3 ||    20
       Lightning rod     |       |       |       |       |       |     4 |       ||     4
       Horn of Geryon    |       |       |       |       |       |       |     1 ||     1
  Use: Scroll            |       |       |     7 |    10 |     6 |     4 |     8 ||    35
       Potion            |       |       |       |     5 |     2 |    10 |     5 ||    22
 Stab: Sleeping          |     1 |     1 |     3 |    16 |    12 |     9 |    28 ||    70
       Paralysed         |       |     1 |       |       |       |       |       ||     1
       Distracted        |       |       |       |     3 |       |     4 |       ||     7
Armor: Quicksilver drago |    90 |   102 |   210 |   188 |   198 |   203 |       ||   991
       Robe              |     2 |       |       |       |       |       |       ||     2
       Skin              |       |       |       |       |       |     9 |       ||     9
       Acid dragon scale |       |       |       |       |       |    54 |   506 ||   560
Dodge: Dodged            |   119 |   153 |   524 |   458 |   404 |   788 |  2712 ||  5158
Block: Buckler           |       |       |       |   219 |   207 |   410 |  1344 ||  2180

Table legend: (Time is in decaauts)
 A = Elapsed time spent in this place.
 B = Non-inter-level travel time spent in this place.
 C = Inter-level travel time spent in this place.
 D = Time resting spent in this place.
 E = Time spent auto-exploring this place.
 F = Levels seen in this place.
 G = Mean time per level.
                   A        B        C        D        E       F      G
               +--------+--------+--------+--------+--------+-----+--------+
         Total |  31391 |  29018 |   2373 |   2475 |  18227 |  31 | 1012.6 |
       Dungeon |  17332 |  15594 |   1738 |   1468 |  11073 |  15 | 1155.5 |
        Temple |    102 |     84 |     18 |      0 |     73 |   1 |  102.0 |
        Depths |   7448 |   6894 |    554 |    646 |   4139 |   5 | 1489.6 |
          Hell |   1003 |    984 |     19 |     33 |    264 |   1 | 1003.0 |
       Cocytus |   3722 |   3680 |     42 |     85 |   1955 |   6 |  620.3 |
         Trove |    106 |    106 |      0 |      0 |     15 |   1 |  106.0 |
        Bailey |   1067 |   1067 |      0 |    155 |    517 |   1 | 1067.0 |
      Gauntlet |    607 |    607 |      0 |     87 |    191 |   1 |  607.0 |
               +--------+--------+--------+--------+--------+-----+--------+

Top non-repeatable levels by time:
     D:3: 2112 daAuts
Depths:2: 2074 daAuts
     D:9: 1709 daAuts
Depths:3: 1578 daAuts
   Coc:2: 1576 daAuts
Depths:1: 1573 daAuts
     D:6: 1545 daAuts
    D:12: 1421 daAuts
    D:13: 1327 daAuts
    D:15: 1182 daAuts
Depths:5: 1176 daAuts
    D:10: 1149 daAuts
     D:5: 1088 daAuts
   Coc:1: 1074 daAuts
  Bailey: 1067 daAuts
